AoeStats
← Buho_Metalero

Arabia

509932985Analyzed
1v1 RM · 2d ago on Sep 28, 2026· 35m 53s· 2 players
Game mode
Random Map
Map size
Tiny (2 player)
Population
200
Speed
Normal
Resources
Standard
Victory
Conquest
Starting age
Dark Age
Ending age
Imperial Age
RankedLock teamsTeams togetherTeam positionsShared explorationLock speedFull tech treeHidden civsTurbo modeCheats
Victory
Defeat
🇨🇱 Khitans · Chile
1360
+20
🇯🇵 Persians · Japan
1460
-20
Buho_Metalero
3:04 Loom
9:10 Feudal Age
9:39 Double-Bit Axe
11:07 Wheelbarrow
19:41 Castle Age
19:01 Scale Barding Armor
22:56 Chain Barding Armor
35:44 Fletching
Kujo
7:57 Loom
10:23 Feudal Age
10:56 Double-Bit Axe
15:06 Fletching
15:28 Horse Collar
20:42 Castle Age
19:12 Gold Mining
21:04 Bodkin Arrow
20:30 Crossbowman
22:20 Bow Saw
25:31 Ballistics
25:11 Padded Archer Armor
31:04 Leather Archer Armor
34:25 Wheelbarrow
Connection lost

Rejoining the realm…

Still unreachable

The connection could not be restored.

Session expired

The server has moved on; the page needs a fresh start.